 Dungeon Crawl Stone Soup version 0.19.0 (webtiles) character file.

4532 KarmaPolice the Slinger (level 10, 0/70 (71) HPs)
             Began as a Halfling Hunter on Nov 1, 2016.
             Was a Priest of Okawaru.
             Slain by a queen bee (15 damage)
             ... on level 8 of the Dungeon.
             The game lasted 00:50:25 (11622 turns).

KarmaPolice the Slinger (Halfling Hunter)          Turns: 11622, Time: 00:50:26

HP:   0/70 (71)     AC:  4    Str: 14    XL:     10   Next: 66%
MP:   14/14         EV: 18    Int:  9    God:    Okawaru [***...]
Gold: 441           SH:  0    Dex: 18    Spells: 0 memorised, 9 levels left

rFire  + . .     SeeInvis .     s - scroll of random uselessness {unknown}
rCold  + . .     Gourm    .     I - +0 robe {rC+ rF+}
rNeg   . . .     Faith    .     (shield restricted)
rPois  .         Spirit   .     A - +0 helmet
rElec  .         Reflect  .     (no cloak)
rCorr  .         Harm     .     (no gloves)
MR     .....                    h - +0 pair of boots
Stlth  ++........               (no amulet)
                                (no ring)
                                (no ring)

@: lethally poisoned (0 -> -1)
A: mutation resistance 1
a: Heroism, Renounce Religion


You were on level 8 of the Dungeon.
You worshipped Okawaru.
Okawaru was most pleased with you.
You were hungry.

You visited 2 branches of the dungeon, and saw 9 of its levels.

You collected 441 gold pieces.

Inventory:

Hand Weapons
 a - a +1 hunting sling
 D - the +5 whip of Patience {slash, -Tele rC+ MR+}
   (You took it off a centaur on level 5 of the Dungeon)

   It inflicts extra damage upon your enemies.
   It protects you from cold.
   It affects your resistance to hostile enchantments.
   It prevents most forms of teleportation.
 H - a +1 rapier of electrocution
 O - a +2 dagger of draining
Missiles
 d - 66 sling bullets
 e - 144 stones (quivered)
Armour
 h - a +0 pair of boots (worn)
 y - a +1 ring mail of fire resistance
 A - a +0 helmet (worn)
 I - a +0 robe of resistance (worn)
Wands
 c - a wand of teleportation (4/9)
 g - a wand of slowing (24/48)
 t - a wand of confusion (13/48)
 x - a wand of slowing (19/48)
 F - a wand of flame (18/48)
Scrolls
 k - 3 scrolls of recharging
 m - a scroll of fog
 o - 2 scrolls of teleportation
 q - a scroll of blinking
 s - a scroll of random uselessness (in hand) {unknown}
 u - a scroll of identify
 C - a scroll of remove curse
 J - a scroll of enchant weapon {unknown}
 M - a scroll of holy word {unknown}
Potions
 b - 4 potions of haste {unknown}
 i - a potion of curing
 j - a potion of heal wounds
 n - 2 potions of invisibility
 p - 2 potions of might {unknown}
 v - 2 potions of mutation {unknown}
 B - a potion of flight {unknown}
 G - a potion of brilliance {unknown}
 K - a potion of agility
 N - a potion of cancellation {unknown}
Comestibles
 f - 4 bread rations
 l - 2 slices of pizza
 r - 2 beef jerkies
 w - 2 chunks of flesh
 z - a meat ration


   Skills:
 + Level 7.0 Fighting
 - Level 8.0 Short Blades
 - Level 10.0 Slings
 + Level 4.5 Armour
 - Level 5.1 Dodging
 - Level 1.1 Stealth
 + Level 3.6 Invocations
 + Level 6.1 Evocations


You had 9 spell levels left.
You didn't know any spells.

Dungeon Overview and Level Annotations

Branches:
Dungeon (8/15)             Temple (1/1) D:4
   Lair: D:8-11

Altars:
Dithmenos
Elyvilon
Hepliaklqana
Kikubaaqudgha
Nemelex Xobeh
Okawaru
Qazlal
Ru
Uskayaw
Vehumet
Xom
Zin
The Shining One


Innate Abilities, Weirdness & Mutations

You are small and have problems with some larger weapons.
You are somewhat resistant to further mutation.


Message History

* * * LOW HITPOINT WARNING * * *
You puncture the killer bee!
You kill the killer bee!
Okawaru accepts your kill.
Your Fighting skill increases to level 7!
Unknown command.
You hit the orc.
The orc is moderately wounded.
You feel sick. The orc barely misses you.
You puncture the orc!
There is a sudden explosion of sparks!
You kill the orc!
Okawaru accepts your kill.
You hit the queen bee but do no damage.
There is a sudden explosion of sparks!
The queen bee is moderately wounded.
Wield which item (- for none, * to show all)? (? for menu, Esc to quit)
Your +1 rapier of electrocution stops crackling.
s - a scroll labeled FATHRE NOLUBOSK (in hand)
You hear an angry buzzing noise.
The queen bee stings you!
You die...

.... #.#.##....#
#.#............ #.#.####..#
#.###..........
####.#....#..###'###..........
...........#..#........#'####.#
..####.#<..#..#....[..(#......#
#.#.###..#........'y.....#
#...)....#........#..(...#
###..###.###+###'##...y..y
##.###.@y.†..).##...$(..
#..######.######....... ###'###
#.# #####... #.....# #.# ..(
#.....# #.# ## #.....## #.#
#......# #.# ####...# #.#
####...###.#


You could see a queen bee.

Vanquished Creatures
  Pikel (D:6)
  Grinder (D:5)
  Prince Ribbit (D:6)
  Sigmund (D:4)
  Menkaure (D:6)
  Duvessa (D:6)
  3 orc warriors
  2 ice beasts
  A sky beast (D:5)
  A necrophage (D:4)
  A phantom (D:5)
  3 slaves
  4 centaurs
  Blork the orc (D:5)
  3 bullfrogs
  Dowan (D:6)
  4 scorpions
  9 killer bees
  4 wights (D:6)
  A howler monkey (D:4)
  2 vampire bats (D:3)
  A bullfrog zombie (D:8)
  2 crimson imps
  2 hounds
  A jelly (D:7)
  An orc priest (D:7)
  6 orc wizards
  A bullfrog skeleton (D:5)
  Jessica (D:2)
  Natasha (thrice) (D:4)
  6 worker ants
  2 hound skeletons
  A howler monkey zombie (D:5)
  A worker ant zombie (D:7)
  7 gnolls
  10 adders
  A shadow imp (D:5)
  An ooze (D:1)
  An adder skeleton (D:4)
  An adder zombie (D:6)
  4 worms
  4 dart slugs
  The ghost of murphy the Conjurer, a weakling DECj (D:4)
  8 leopard geckos
  27 orcs
  7 bats
  2 bat skeletons (D:3)
  4 bat zombies (D:3)
  5 giant cockroaches
  13 goblins
  9 hobgoblins
  8 jackals
  4 quokkas
  3 ball pythons
  5 frilled lizards
  A jackal skeleton (D:7)
  A jackal zombie (D:6)
  12 kobolds
  7 rats
220 creatures vanquished.

Notes
Turn   | Place    | Note
-------+----------+-------------------------------------------
     0 | D:1      | KarmaPolice the Halfling Hunter began the quest for the Orb.
     0 | D:1      | Reached XP level 1. HP: 14/14 MP: 1/1
    68 | D:1      | Reached skill level 6 in Slings
    68 | D:1      | Reached XP level 2. HP: 13/19 MP: 2/2
   227 | D:1      | Reached skill level 1 in Short Blades
   572 | D:1      | Reached XP level 3. HP: 24/24 MP: 3/3
   953 | D:1      | Reached XP level 4. HP: 28/29 MP: 4/4
  1189 | D:2      | Noticed Jessica
  1194 | D:2      | Killed Jessica
  1257 | D:2      | Reached XP level 5. HP: 35/35 MP: 5/5
  1295 | D:2      | Found a faded altar of an unknown god.
  2442 | D:3      | Found a white marble altar of Elyvilon.
  2464 | D:3      | Reached skill level 7 in Slings
  2761 | D:3      | Reached XP level 6. HP: 41/41 MP: 6/6
  2975 | D:3      | Found a hazy altar of Hepliaklqana.
  3079 | D:3      | Found an ancient bone altar of Kikubaaqudgha.
  3242 | D:3      | Found a stormy altar of Qazlal.
  3410 | D:4      | Noticed murphy's ghost (weakling DECj)
  3413 | D:4      | Killed murphy's ghost
  3583 | D:4      | Reached XP level 7. HP: 44/46 MP: 7/7
  3743 | D:4      | Found a staircase to the Ecumenical Temple.
  3747 | Temple   | Entered the Ecumenical Temple
  3778 | Temple   | Became a worshipper of Warmaster Okawaru
  3831 | D:4      | Found a sparkling altar of Nemelex Xobeh.
  4101 | D:4      | Noticed Sigmund
  4123 | D:4      | Killed Sigmund
  4123 | D:4      | Reached skill level 8 in Slings
  4205 | D:4      | Noticed Natasha
  4209 | D:4      | Killed Natasha
  4227 | D:4      | Noticed Natasha
  4236 | D:4      | Killed Natasha
  4456 | D:5      | Entered Level 5 of the Dungeon
  4456 | D:5      | Found a radiant altar of Vehumet.
  4468 | D:4      | Reached XP level 8. HP: 52/54 MP: 8/8
  4498 | D:5      | Reached * piety under Okawaru
  4766 | D:5      | Reached skill level 5 in Dodging
  4939 | D:5      | Reached skill level 5 in Short Blades
  5191 | D:5      | Reached skill level 1 in Evocations
  5336 | D:5      | Noticed Blork the orc
  5439 | D:4      | Reached skill level 9 in Slings
  5480 | D:4      | Noticed Natasha
  5483 | D:4      | Killed Natasha
  5582 | D:5      | Found a hide-covered altar of Uskayaw.
  6558 | D:5      | Got an uncursed crude whip {slash}
  6975 | D:5      | Reached ** piety under Okawaru
  6975 | D:5      | Reached XP level 9. HP: 43/59 MP: 9/11
  7062 | D:4      | Reached skill level 5 in Fighting
  7354 | D:5      | Killed Blork the orc
  7865 | D:6      | Noticed Grinder
  7877 | D:5      | Paralysed by Grinder for 5 turns
  7892 | D:5      | Killed Grinder
  7892 | D:5      | Reached skill level 10 in Slings
  8032 | D:5      | Identified the +5 whip of Patience {slash, -Tele rC+ MR+} (You took it off a centaur on level 5 of the Dungeon)
  8338 | D:6      | Noticed Menkaure
  8516 | D:6      | Noticed Prince Ribbit
  8540 | D:6      | Reached skill level 1 in Armour
  8567 | D:6      | Killed Prince Ribbit
  8567 | D:6      | Reached *** piety under Okawaru
  8593 | D:6      | Noticed Pikel
  8614 | D:6      | Noticed Duvessa
  8635 | D:6      | Noticed Dowan
  8918 | D:6      | Killed Duvessa
  8926 | D:6      | Killed Dowan
  9053 | D:6      | Killed Pikel
  9053 | D:6      | Received a gift from Okawaru
  9053 | D:6      | Reached XP level 10. HP: 21/67 MP: 10/13
  9383 | D:6      | Reached skill level 5 in Evocations
  9422 | D:6      | Killed Menkaure
  9468 | D:6      | Reached skill level 1 in Invocations
 10272 | D:7      | Received a gift from Okawaru
 10787 | D:7      | Found a faded altar of an unknown god.
 10787 | D:7      | Found a shadowy altar of Dithmenos.
 10792 | D:7      | Found a faded altar of an unknown god.
 10797 | D:7      | Found a faded altar of an unknown god.
 10800 | D:7      | Found a faded altar of an unknown god.
 11521 | D:8      | Received a gift from Okawaru
 11622 | D:8      | Slain by a queen bee

Skill      XL: |  1  2  3  4  5  6  7  8  9 10 |
---------------+-------------------------------+-----
Slings         | 6 7 8 9 10 | 10.0
Short Blades   | 1 2 3 4 6 7 8 |  8.0
Fighting       | 2 3 4 6 7 |  7.0
Dodging        | 3 4 5 |  5.1
Evocations     | 2 4 6 |  6.1
Armour         | 3 4 |  4.5
Invocations    | 3 |  3.6
Stealth        | |  1.1

Action                   |  1- 3 |  4- 6 |  7- 9 | 10-12 || total
-------------------------+-------+-------+-------+-------++-------
Melee: Short sword       |    51 |    64 |   118 |       ||   233
       Punch             |       |       |     3 |       ||     3
       Whip              |       |       |    41 |       ||    41
       Rapier            |       |       |     5 |   150 ||   155
 Fire: Hunting sling     |    41 |   209 |   501 |   167 ||   918
Invok: Heroism           |       |       |     9 |     3 ||    12
Evoke: Wand              |       |       |     1 |       ||     1
  Use: Potion            |       |       |     2 |       ||     2
       Scroll            |       |       |       |     8 ||     8
 Stab: Sleeping          |     2 |     1 |     1 |       ||     4
  Eat: Chunk             |       |     7 |    16 |     7 ||    30
       Fruit             |       |       |     2 |       ||     2
Armor: Leather armour    |    15 |    33 |    38 |    12 ||    98
       Robe              |       |       |       |     1 ||     1
Dodge: Dodged            |    81 |    99 |   240 |   134 ||   554
